 Dungeon Crawl Stone Soup version 0.22-a0-228-g3692b99 (webtiles) character file.

1008 b5mith the Poker (level 8, -2/71 HPs)
             Began as a Minotaur Berserker on Feb 19, 2018.
             Was a Priest of Trog.
             Slain by an ogre
             ... wielding a +0 giant club
              (18 damage)
             ... on level 5 of the Dungeon.
             The game lasted 00:09:07 (3525 turns).

b5mith the Poker (Minotaur Berserker)               Turns: 3525, Time: 00:09:08

Health: -2/71      AC:  7    Str: 23    XL:     8   Next: 1%
Magic:  7/7        EV: 14    Int: 10    God:    Trog [***...]
Gold:   218        SH:  0    Dex: 11    Spells: 7/7 levels left

rFire    . . .     SeeInvis .   a - +0 spear
rCold    . . .     Gourm    .   (no shield)
rNeg     . . .     Faith    .   b - +0 animal skin
rPois    .         Spirit   .   (helmet restricted)
rElec    .         Reflect  .   n - +0 cloak
rCorr    .         Harm     .   m - +0 pair of gloves
MR       .....                  j - +1 pair of boots
Stlth    +.........             (no amulet)
HPRegen  0.21/turn              l - +6 ring of intelligence
MPRegen  0.10/turn              (no ring)

@: berserk cooldown, slowed, very slow
A: retaliatory headbutt, horns 2
a: Berserk, Trog's Hand, Renounce Religion


You were on level 5 of the Dungeon.
You worshipped Trog.
Trog was most pleased with you.
You were not hungry.

You visited 1 branch of the dungeon, and saw 5 of its levels.

You collected 218 gold pieces.

Inventory:

Hand Weapons
 a - a +0 spear (weapon)
Missiles
 h - 201 stones (quivered)
 o - 3 tomahawks
Armour
 b - a +0 animal skin (worn)
 j - a +1 pair of boots (worn)
 m - a +0 pair of gloves (worn)
 n - a +0 cloak (worn)
Jewellery
 l - a +6 ring of intelligence (left hand)
 t - a +3 ring of intelligence
Scrolls
 e - 2 scrolls of remove curse {unknown}
 g - a scroll of blinking {unknown}
 r - 2 scrolls of identify {@r1}
 s - a scroll of fog {unknown}
Potions
 d - 6 potions of curing {@q1}
 f - a potion of flight {unknown}
 i - a potion of mutation {unknown}
 k - 2 potions of brilliance
 p - a potion of haste {unknown}
Comestibles
 c - 6 rations


   Skills:
 + Level 6.6 Fighting
 + Level 6.6 Polearms
 + Level 6.0 Armour
 + Level 5.4 Dodging


You had 7 spell levels left.
You didn't know any spells.

Dungeon Overview and Level Annotations

Branches:
Dungeon (5/15)
 Temple: D:4-7

Altars:

Shops:
D:4 (


Innate Abilities, Weirdness & Mutations

You reflexively headbutt those who attack you in melee.
You have a pair of horns on your head.


Message History

The stone hits the ogre but does no damage.
Throwing (i - inventory. (/) - cycle)
h - 202 stones (quivered)
Press: ? - help, Shift-Dir - straight line, f/p - ogre
Aim: an ogre, wielding a giant club You throw a stone.
The stone hits the ogre.
The ogre is lightly wounded.
There is a stone staircase leading up here.
You see here the human corpse of Prince Ribbit.
You puncture the ogre! You headbutt the ogre.
The ogre is heavily wounded.
The ogre closely misses you.
You hit the ogre.
The ogre is heavily wounded.
The ogre hits you with a giant club!
* * * LOW HITPOINT WARNING * * *
You feel better. The ogre closely misses you.
You hit the ogre but do no damage. You headbutt the ogre!
The ogre is severely wounded.
The ogre hits you with a giant club!!
You die...

#..........###....
.......
#...............#.
........
#............##.
##...##
#########.##.# #
#.##.##.#
#.......#
###.#####
####.####
((......########.#
#......O@..#
##########.......
#.##.... #.# ...
#.. . #.# #.. ##


You could see an ogre.

Vanquished Creatures
  Grinder (D:4)
  Prince Ribbit (D:5)
  An ogre (D:4)
  A phantom (D:4)
  A centaur (D:5)
  A scorpion (D:5)
  A howler monkey (D:5)
  A hound (D:5)
  2 orc wizards
  2 orc priests
  An iguana (D:5)
  2 adders
  A shadow imp (D:5)
  An ooze (D:2)
  2 dart slugs
  A leopard gecko (D:3)
  15 orcs
  2 giant cockroaches
  6 goblins
  5 hobgoblins
  5 jackals
  2 kobolds (D:1)
  2 quokkas
  5 bats
  5 frilled lizards
  A leopard gecko skeleton (D:5)
  5 rats
73 creatures vanquished.

Notes
Turn   | Place    | Note
-------+----------+-------------------------------------------
     0 | D:1      | b5mith the Minotaur Berserker began the quest for the Orb.
     0 | D:1      | Reached XP level 1. HP: 19/19 MP: 0/0
   121 | D:1      | Reached XP level 2. HP: 27/27 MP: 1/1
   767 | D:2      | Reached XP level 3. HP: 29/33 MP: 2/2
   973 | D:2      | Reached ** piety under Trog
  1258 | D:3      | Noticed Grinder
  1350 | D:3      | Reached XP level 4. HP: 29/41 MP: 3/3
  2079 | D:3      | Paralysed by Grinder for 3 turns
  2092 | D:4      | Killed Grinder
  2092 | D:4      | Reached skill level 5 in Fighting
  2092 | D:4      | Reached skill level 5 in Polearms
  2092 | D:4      | Reached XP level 5. HP: 26/48 MP: 4/4
  2092 | D:4      | Reached XP level 6. HP: 30/56 MP: 5/5
  2636 | D:4      | Found Ewnaycli's Antique Weapon Shoppe.
  2912 | D:4      | Reached skill level 5 in Armour
  2912 | D:4      | Reached XP level 7. HP: 60/62 MP: 6/6
  3047 | D:5      | Entered Level 5 of the Dungeon
  3184 | D:5      | Reached *** piety under Trog
  3184 | D:5      | Reached skill level 5 in Dodging
  3489 | D:5      | Noticed Prince Ribbit
  3499 | D:5      | Killed Prince Ribbit
  3499 | D:5      | Reached XP level 8. HP: 27/71 MP: 7/7
  3525 | D:5      | Slain by an ogre

Vault maps used:
D:1:      minmay_arrival_loop
D:2:      due_unseen_surprise
D:3:      uniq_grinder
D:4:      serial_shops, nicolae_shop_crystal, kennysheep_generic_room_4
D:5:      minmay_opposing_rooms, first_ration, uniq_prince_ribbit1, uniq_ijyb

Skill      XL: |  1  2  3  4  5  6  7 |
---------------+----------------------+-----
Polearms       | 4 5 6 |  6.6
Fighting       | 4 5 6 |  6.6
Armour         | 3 4 5 6 |  6.0
Dodging        | 3 4 5 |  5.4

Action                   |  1- 3 |  4- 6 |  7- 9 || total
-------------------------+-------+-------+-------++-------
Melee: Spear             |    74 |    97 |    67 ||   238
       Headbutt          |    10 |    14 |     9 ||    33
Throw: Stone             |     9 |    22 |     4 ||    35
Invok: Berserk           |       |     1 |     1 ||     2
  Use: Scroll            |     4 |       |       ||     4
       Potion            |     1 |       |     1 ||     2
  Eat: Chunk             |     1 |     2 |       ||     3
       Ration            |       |     1 |     1 ||     2
Armor: Animal skin       |     2 |    22 |     7 ||    31
Dodge: Dodged            |    30 |    42 |    30 ||   102

Table legend:
 A = Spawn XP
 B = Non-spawn XP
 C = Spawn XP percentage of total XP
 D = Spawn monster count
 E = Non-spawn monster count
 F = Spawn count percentage of total count
 G = Total turns spent on level
                    A         B        C        D         E        F      G
               +---------+---------+-------+---------+---------+-------+---------
         Total |       0 |    1441 |   0.0 |       0 |      73 |   0.0 |  3525
               +---------+---------+-------+---------+---------+-------+---------
           D:1 |       0 |      30 |   0.0 |       0 |      16 |   0.0 |   614
           D:2 |       0 |      33 |   0.0 |       0 |      10 |   0.0 |   861
           D:3 |       0 |      81 |   0.0 |       0 |      18 |   0.0 |   610
           D:4 |       0 |     632 |   0.0 |       0 |      16 |   0.0 |   962
           D:5 |       0 |     665 |   0.0 |       0 |      13 |   0.0 |   478
               +---------+---------+-------+---------+---------+-------+---------
